 Dungeon Crawl Stone Soup version 0.28-a0-1638-g9123634e07 (webtiles) character file.

Game seed: 14697269509160196038

25 Anon1729 the Poker (level 3, -4/43 HPs)
             Began as a Merfolk Monk on Jan 25, 2022.
             Slain by a scorpion (6 damage)
             ... on level 1 of the Dungeon.
             The game lasted 00:02:19 (649 turns).

Anon1729 the Poker (Merfolk Monk)                    Turns: 649, Time: 00:02:20

Health: -4/43      AC: 21    Str: 13    XL:     3   Next: 6%
Magic:  3/3        EV:  2    Int:  9    God:
Gold:   22         SH:  0    Dex: 16    Spells: 2/2 levels left

rFire   . . .      SeeInvis .   a - +0 spear
rCold   . . .      Faith    .   (no shield)
rNeg    . . .      Spirit   .   (armour currently unavailable)
rPois   +          Reflect  .   (helmet currently unavailable)
rElec   .          Harm     .   (cloak currently unavailable)
rCorr   .          Rampage  .   (gloves currently unavailable)
Will    .....      NoTele   +   (boots currently unavailable)
Stlth   ++........              (no amulet)
HPRegen 0.14/turn               (no ring)
MPRegen 0.08/turn               (no ring)

@: tree-form (expiring)
A: stationary, stasis, torment immunity, boosted hp, (nimble swimmer 2),
(mertail)
a: no special abilities


You were on level 1 of the Dungeon.
You were a tree.
You visited 1 branch of the dungeon, and saw 2 of its levels.

You collected 22 gold pieces.

Inventory:

Hand Weapons
 a - a +0 spear (weapon)
Armour
 b - a +0 robe (melded)
 c - a +0 pair of boots (melded)


   Skills:
 + Level 3.6 Fighting
 + Level 4.9 Polearms
 + Level 4.4 Dodging
 + Level 2.7 Stealth


You had 2 spell levels left.
You didn't know any spells.
Your spell library was empty.

Dungeon Overview and Level Annotations

Branches:
Dungeon (2/15)

Altars:


Innate Abilities, Weirdness & Mutations

You are a tree.
Your roots penetrate the ground, keeping you stationary.
You cannot be teleported.
You are immune to unholy pain and torment.
Your maximum health is greatly increased.
Your equipment is partially melded.
((You are very nimble when in or above water. (Stealth+, EV+, Speed+++)))
((Your lower body shifts to a powerful aquatic tail in water.))


Message History

The scorpion completely misses you.
You closely miss the scorpion.
The scorpion is moderately wounded.
The scorpion stings you but does no damage.
You hit the scorpion.
The scorpion is heavily wounded.
The scorpion stings you but does no damage.
You hit the scorpion but do no damage.
The scorpion is heavily wounded.
The scorpion stings you.
* * * LOW HITPOINT WARNING * * *
You hit the scorpion but do no damage.
The scorpion is heavily wounded.
The scorpion stings you but does no damage.
You closely miss the scorpion.
The scorpion is heavily wounded.
The scorpion barely misses you.
You closely miss the scorpion.
The scorpion is heavily wounded.
The scorpion stings you but does no damage.
You closely miss the scorpion.
The scorpion is heavily wounded.
The scorpion stings you but does no damage.
You hit the scorpion but do no damage.
The scorpion is heavily wounded.
The scorpion barely misses you.
You closely miss the scorpion.
The scorpion is heavily wounded.
The scorpion barely misses you.
You hit the scorpion.
The scorpion is severely wounded.
The scorpion stings you but does no damage.
You hit the scorpion but do no damage.
The scorpion is severely wounded.
The scorpion stings you but does no damage.
You hit the scorpion.
The scorpion is almost dead.
Your transformation is almost over.
The scorpion stings you.
You die...

.........#.###.#.#.#.#.#.).......
.........####.###.#.####.........
..........##.⌠.###.♣.##..........
...†.......##.#.###.##...........
#............#.....#.............
##..............................#
####.#.##.##......##......#####.
#....#..#......#..#.....#....
#.....#....s♣..#.#.......#...
##......#.......#.#.......#...
#...............#........#....
#.#...#.................#####.
#.#.........##.#..#..........#
#.#...........................
#.#.........##....####.##.....
#.####......#.....####.####...
#.# #......#..........## #...


You could see a scorpion.

Vanquished Creatures
  An adder (D:2)
  A ball python (D:2)
  A bat (D:1)
  A giant cockroach (D:1)
  A goblin (D:1)
  2 hobgoblins (D:1)
  2 jackals (D:1)
  2 quokkas (D:1)
  A kobold (D:1)
  3 rats (D:1)
15 creatures vanquished.

Notes
Turn   | Place    | Note
-------+----------+-------------------------------------------
     0 | D:1      | Anon1729 the Merfolk Monk began the quest for the Orb.
     0 | D:1      | Reached XP level 1. HP: 18/18 MP: 1/1
   182 | D:1      | Reached XP level 2. HP: 19/24 MP: 2/2
   363 | D:1      | Found a faded altar of an unknown god.
   602 | D:2      | Reached XP level 3. HP: 29/29 MP: 3/3
   613 | D:2      | Noticed a scorpion
   633 | D:1      | HP: 1/43 [scorpion (4)]
   640 | D:1      | HP: 1/43 [scorpion (1)]
   649 | D:1      | Slain by a scorpion

Illustrated notes

Levels and vault maps discovered:
D:1:      scummos_arrival_star, layout_rooms, chequers_ecumenical_altar_simple,
          grunt_decor_mini_mirrors
D:2:      layout_basic, chequers_serial_rivers_micro_a

Action                   || total
-------------------------++-------
Melee: Spear             ||    90
  Use: Potion            ||     2
       Scroll            ||     1
 Stab: Sleeping          ||     5
Armor: Robe              ||    14
       Skin              ||    10
Dodge: Dodged            ||    54

Table legend: (Time is in decaauts)
 A = Elapsed time spent in this place.
 B = Non-inter-level travel time spent in this place.
 C = Inter-level travel time spent in this place.
 D = Time resting spent in this place.
 E = Time spent auto-exploring this place.
 F = Levels seen in this place.
 G = Mean time per level.
                   A        B        C        D        E       F      G
               +--------+--------+--------+--------+--------+-----+--------+
         Total |    637 |    610 |     27 |      0 |    433 |   2 |  318.5 |
       Dungeon |    637 |    610 |     27 |      0 |    433 |   2 |  318.5 |
               +--------+--------+--------+--------+--------+-----+--------+

Top non-repeatable levels by time:
     D:1: 605 daAuts
     D:2: 32 daAuts
